 Dungeon Crawl Stone Soup version 0.21.1-1-g345015f (webtiles) character file.

154 sking99 the Shield-Bearer (level 5, 0/36 HPs)
             Began as an Octopode Fighter on June 27, 2018.
             Was an Initiate of Okawaru.
             Slain by an orc
             ... wielding a +1 flail of holy wrath
              (4 damage)
             ... on level 4 of the Dungeon.
             The game lasted 00:08:06 (2288 turns).

sking99 the Shield-Bearer (Octopode Fighter)        Turns: 2288, Time: 00:08:09

Health: 0/36       AC:  1    Str: 16    XL:     5   Next: 35%
Magic:  5/5        EV: 13    Int: 10    God:    Okawaru [......]
Gold:   207        SH:  9    Dex: 12    Spells: 4/4 levels left

rFire    x . .     SeeInvis .   a - +1 trident
rCold    + . .     Gourm    .   b - +0 shield
rNeg     . . .     Faith    .   (helmet restricted)
rPois    .         Spirit   .   (no amulet)
rElec    .         Reflect  .   g - ring of ice
rCorr    .         Harm     .   o - +1 ring of evasion
MR       .....                  s - ring of wizardry
Stlth    ++........             (no ring)
HPRegen  0.12/turn              (no ring)
MPRegen  0.09/turn              (no ring)
                                (no ring)
                                (no ring)

@: no status effects
A: almost no armour, stealthy swim, amphibious, 8 rings, constrict 8, camouflage
1, gelatinous body 1
a: Renounce Religion


You were on level 4 of the Dungeon.
You worshipped Okawaru.
Okawaru was noncommittal.
You were not hungry.

You visited 1 branch of the dungeon, and saw 4 of its levels.

You collected 207 gold pieces.

Inventory:

Hand Weapons
 a - a +1 trident (weapon)
Armour
 b - a +0 shield (worn)
Jewellery
 g - a ring of ice (left tentacle)
 o - a +1 ring of evasion (right tentacle)
 p - a cursed ring of loudness
 s - a ring of wizardry (on tentacle)
Wands
 q - a wand of paralysis (18)
Scrolls
 e - a scroll of magic mapping
 f - 3 scrolls of teleportation
 h - 2 scrolls of enchant weapon
 k - 2 scrolls of blinking
Potions
 c - a potion of might
 l - 2 potions of heal wounds
 m - 2 potions of magic {unknown}
 n - a potion of resistance {unknown}
 t - a potion of lignification {unknown}
Comestibles
 d - 9 rations
 i - 6 chunks of flesh


   Skills:
 + Level 3.5 Fighting
 * Level 3.4 Polearms
 + Level 3.6 Dodging
 * Level 4.2 Shields


You had 4 spell levels left.
You didn't know any spells.

Dungeon Overview and Level Annotations

Branches:
Dungeon (4/15)
 Temple: D:4-7

Altars:
Makhleb
Okawaru


Innate Abilities, Weirdness & Mutations

You cannot wear most types of armour.
You are very stealthy in the water. (Stealth+)
You are amphibious.
You can wear up to eight rings at the same time.
You can use your tentacles to constrict eight enemies at once.
Your skin changes colour to match your surroundings (Stealth+).
Your rubbery body absorbs attacks. (AC +1, EV +1)


Message History

This raw flesh tastes terrible.
Things that are here:
a club; an orc corpse You butcher the orc corpse.
i - 6 chunks of flesh (gained 3)
You see here a club. x2
Done exploring.
Unknown command.
There is a stone staircase leading down here.
You climb downwards.
You block the orc's attack. The ogre hits you with a giant club.
There is a stone staircase leading up, spattered with blood here.
You hit the orc but do no damage. Your grab misses the orc.
Your squeeze misses the orc.
The orc hits you with a flail of holy wrath.
The ogre hits you with a giant club!!
Ouch! That really hurt!
* * * LOW HITPOINT WARNING * * *
The orc hits you with a flail of holy wrath.
You die...

,,,,****,,**####...##*.##
***,,***,,*##.....W.##..###*
**,,,,,*##...............*
****,,,,**#...............)*
,,,,,*,,.##.......>........*
,*******..#.........#######*
** *#.....).....# *
*#......O...# * ###....@..##
* #......o..# * #.........#
#.........# #.........#
#.........# ##.......##
##.....## #######


You could see an ogre, Iko's ghost (wandering) and an orc.

Vanquished Creatures
  A hound (D:2)
  An orc wizard (D:4)
  2 adders
  An ooze (D:1)
  A worm (D:2)
  A dart slug (D:1)
  3 leopard geckos
  6 orcs
  2 giant cockroaches (D:1)
  2 goblins (D:1)
  8 hobgoblins
  3 jackals (D:2)
  7 kobolds
  2 quokkas
  A ball python (D:3)
  13 bats
  6 frilled lizards
  8 rats
68 creatures vanquished.

Notes
Turn   | Place    | Note
-------+----------+-------------------------------------------
     0 | D:1      | sking99 the Octopode Fighter began the quest for the Orb.
     0 | D:1      | Reached XP level 1. HP: 16/16 MP: 1/1
   111 | D:1      | Reached XP level 2. HP: 21/21 MP: 2/2
   369 | D:1      | Reached XP level 3. HP: 25/26 MP: 3/3
   405 | D:1      | Found an iron altar of Okawaru.
   419 | D:1      | Became a worshipper of Warmaster Okawaru
   778 | D:2      | Found a burning altar of Makhleb.
   784 | D:2      | Reached XP level 4. HP: 28/31 MP: 4/4
  1008 | D:2      | You fall through a shaft!
  1142 | D:3      | Found a faded altar of an unknown god.
  1564 | D:2      | Reached skill level 4 in Shields
  1811 | D:4      | Reached XP level 5. HP: 28/36 MP: 5/5
  2104 | D:4      | Noticed an ogre
  2288 | D:4      | Slain by an orc

Skill      XL: |  1  2  3  4 |
---------------+-------------+-----
Polearms       | 3 |  3.4
Shields        | 4 |  4.2
Fighting       | |  3.5
Dodging        | |  3.6

Action                   |  1- 3 |  4- 6 || total
-------------------------+-------+-------++-------
Melee: Trident           |    58 |    93 ||   151
       Constrict         |    14 |    17 ||    31
       Tentacles         |     9 |     9 ||    18
  Use: Scroll            |       |    11 ||    11
 Stab: Sleeping          |     7 |     4 ||    11
  Eat: Chunk             |       |     5 ||     5
Armor: Skin              |     5 |     7 ||    12
Dodge: Dodged            |    16 |    30 ||    46
Block: Shield            |    14 |    30 ||    44
